 Dungeon Crawl Stone Soup version 0.17-a0-1769-g54adf96 (webtiles) character file.

106 TruthSerum the Cudgeler (level 4, -3/50 HPs)
             Began as an Ogre Gladiator on Sept 7, 2015.
             Slain by Blomdor's ghost (5 damage)
             ... on level 3 of the Dungeon on Sept 8, 2015.
             The game lasted 00:05:47 (1783 turns).

TruthSerum the Cudgeler (Ogre Gladiator)            Turns: 1783, Time: 00:05:47

Health: -3/50      AC:  3    Str: 24    XL:     4   Next: 84%
Magic:  13/13      EV: 10    Int:  7    God:
Gold:   117        SH:  0    Dex: 11    Spells: 0 memorised, 3 levels left

rFire  . . .     SeeInvis .     a - +0 flail
rCold  . . .     Clarity  .     b - +0 robe
rNeg   . . .     SustAt   .     (no shield)
rPois  .         Gourm    .     c - +0 hat
rElec  .         Spirit   .     (no cloak)
rCorr  .         Warding  .     (gloves unavailable)
rMut   .         Stasis   .     (boots unavailable)
MR     .....                    (no amulet)
Stlth  +.........               h - ring of magical power
                                f - +4 ring of strength

@: not resistant to hostile enchantments, very unstealthy
A: unfitting armour, tough skin 1
a: no special abilities


You were on level 3 of the Dungeon.
You were hungry.

You visited 1 branch of the dungeon, and saw 3 of its levels.

You collected 117 gold pieces.

Inventory:

Hand weapons
 a - a +0 flail (weapon)
Missiles
 d - 3 throwing nets (quivered)
Armour
 b - a +0 robe (worn)
 c - a +0 hat (worn)
Jewellery
 f - a +4 ring of strength (left hand)
 h - a ring of magical power (right hand)
Scrolls
 i - a scroll of fog {unknown}
 j - 2 scrolls of teleportation {unknown}
 m - a scroll of enchant armour {unknown}
 o - a scroll of amnesia {unknown}
 q - a scroll of magic mapping {unknown}
 r - a scroll of remove curse {unknown}
 u - a scroll of enchant weapon {unknown}
 v - a scroll of identify {unknown}
Potions
 l - a potion of brilliance {unknown}
 p - a potion of ambrosia {unknown}
 x - a potion of lignification {unknown}
Comestibles
 e - 4 bread rations
 g - 5 chunks of flesh
 k - a slice of pizza
 s - 2 fruits
 t - a meat ration
 w - a beef jerky


   Skills:
 + Level 5.0 Fighting
 + Level 5.7 Maces & Flails
 - Level 2.1 Throwing
 - Level 2.6 Dodging


You had 3 spell levels left.
You didn't know any spells.

Dungeon Overview and Level Annotations

Branches:
Dungeon (3/15)

Altars:
Nemelex Xobeh

Annotations:
D:3 Blomdor's ghost, average HuFi


Innate Abilities, Weirdness & Mutations

You are too large for most types of armour.
You have tough skin (AC +1).


Message History

Blomdor's ghost hits you!
You hit Blomdor's ghost but do no damage.
Blomdor's ghost is heavily damaged.
Blomdor's ghost hits you!
You hit Blomdor's ghost but do no damage.
Blomdor's ghost is heavily damaged.
Blomdor's ghost hits you! x2
* * * LOW HITPOINT WARNING * * *
You hit Blomdor's ghost but do no damage.
Blomdor's ghost is heavily damaged.
Blomdor's ghost hits you.
* * * LOW HITPOINT WARNING * * *
Sorry, you're not good enough to have a special ability.
Throwing (i - inventory. (,) - cycle):
n - a large rock (quivered)
Press: ? - help, Shift-Dir - straight line, f/p - Blomdor's ghost
Aim: Blomdor's ghost (heavily damaged)
You throw a large rock.
The large rock barely misses Blomdor's ghost.
Blomdor's ghost hits you.
You die...

#. #. ##. #. ..#+## #.
##...## #. # ###
##.....## #. #.##.##
##.......###.
###.#...####....>....##.
........W(('.........)(.
#.#..@# #.........###
#.##..# ##.......##
#.###.# ##.....## # #.#
#.# ##...##
#.##.###.########'##
#.................#
####.###.#######..# #.#
#.# #..##### #.###.#
#......#


You could see Blomdor's ghost.

Vanquished Creatures
  4 adders
  A gnoll (D:1)
  3 oozes
  2 giant geckos (D:1)
  7 goblins
  4 hobgoblins
  3 jackals (D:2)
  11 bats
  A giant cockroach (D:3)
  4 giant newts
  5 kobolds
  5 rats
50 creatures vanquished.

Notes
Turn   | Place    | Note
--------------------------------------------------------------
     0 | D:1      | TruthSerum the Ogre Gladiator began the quest for the Orb.
     0 | D:1      | Reached XP level 1. HP: 22/22 MP: 1/1
   301 | D:1      | Reached XP level 2. HP: 25/31 MP: 2/2
   409 | D:1      | Found a sparkling altar of Nemelex Xobeh.
   546 | D:1      | Reached XP level 3. HP: 37/39 MP: 3/3
   789 | D:2      | Reached skill level 5 in Maces & Flails
   904 | D:2      | Reached XP level 4. HP: 35/49 MP: 4/4
  1245 | D:3      | Found a faded altar to an unknown god.
  1635 | D:3      | Reached skill level 5 in Fighting
  1776 | D:3      | Noticed Blomdor's ghost (average HuFi)
  1782 | D:3      | HP: 2/50 [Blomdor's ghost (5)]
  1783 | D:3      | Slain by Blomdor's ghost

Vault maps used:
D:1:      lemuel_arrival_river_ford, serial_forest,
          infiniplex_forest_clump_long, infiniplex_forest_fountain,
          infiniplex_forest_clump_diagonal, infiniplex_forest_straight_1,
          infiniplex_forest_straight_4, infiniplex_forest_lined_room_,
          nemelex_xobeh_ov_fountains_minmay
D:3:      ecumenical_altar_1, serial_forest, infiniplex_forest_end_2,
          infiniplex_forest_fountain, infiniplex_forest_lined_2,
          infiniplex_forest_lined_2, infiniplex_forest_clump_curved,
          infiniplex_forest_straight_1, first_bread, hangedman_feature_mirror

Action                   |  1- 3 |  4- 6 || total
-------------------------+-------+-------++-------
Melee: Flail             |    67 |    81 ||   148
Throw: Large rock        |       |     4 ||     4
 Stab: Sleeping          |       |     1 ||     1
  Eat: Chunk             |       |     2 ||     2
